 Dungeon Crawl Stone Soup version 0.32-a0-607-g64ea0e4219 (webtiles) character file.

Game seed: 5727674771998469743

3908 CrazyBamboolord the Jinx (level 10, -5/96 (114) HPs)
             Began as a Demonspawn Brigand on Mar 4, 2024.
             Was a Believer of Beogh.
             Slain by a wight
             ... wielding a +4 hand axe
              (8 damage)
             ... on level 7 of the Dungeon.
             The game lasted 00:20:34 (5735 turns).

CrazyBamboolord the Jinx (Demonspawn Brigand)       Turns: 5735, Time: 00:20:35

HP:   -5/96 (114)   AC: 29    Str: 11    XL:     10   Next: 1%
MP:   14/21         EV:  2    Int: 14    God:    Beogh [**....]
Gold: 180           SH:  9    Dex: 17    Spells: 15/23 levels left

rFire   + + .        b - +2 dagger (drain)
rCold   + . .        (no shield)
rNeg    . . .        f - melded +0 robe
rPois   +            B - melded +1 helmet
rElec   +            c - melded +0 cloak
rCorr   +            (gloves currently unavailable)
SInv    .            (boots currently unavailable)
Will    +....        w - amulet of reflection
Stlth   +++          k - ring of protection from fire
HPRegen 0.36/turn    E - ring of willpower
MPRegen 0.17/turn

%: reflection
@: tree-form, resistant, heavily drained
A: stationary, stasis, torment immunity, boosted hp, (hooves 1), rugged brown
scales 2, icemail 1, condensation shield, demonic magic 1
a: Renounce Religion, Smiting, Recall Apostles


You were on level 7 of the Dungeon.
You worshipped Beogh.
Beogh was pleased with you.
You were a tree.
You visited 2 branches of the dungeon, and saw 8 of its levels.

You collected 391 gold pieces.
You spent 211 gold pieces at shops.

Inventory:

Hand Weapons
 a - a +2 dagger of speed
 b - a +2 dagger of draining (weapon)
 I - a +2 antimagic dagger
Missiles
 d - 39 poisoned darts
 e - a curare-tipped dart (quivered)
Armour
 c - a +0 cloak (melded)
 f - a +0 robe (melded)
 B - a +1 helmet (melded)
Jewellery
 k - a ring of protection from fire (left branch)
 w - an amulet of reflection (around neck)
 E - a ring of willpower (right branch)
Wands
 y - a wand of polymorph (10)
 C - a wand of mindburst (33)
 D - a wand of flame (20)
 H - a wand of digging (6)
Scrolls
 g - 4 scrolls of teleportation
 j - a scroll of amnesia
 l - 3 scrolls of poison
 m - 3 scrolls of immolation
 p - a scroll of enchant armour
 q - a scroll of fog
 u - a scroll of acquirement
 v - a scroll of enchant weapon {unknown}
 x - a scroll of blinking {unknown}
 z - a scroll of vulnerability {unknown}
 A - a scroll of silence {unknown}
Potions
 h - a potion of berserk rage
 n - a potion of resistance
 o - a potion of invisibility {unknown}
 G - a potion of cancellation {unknown}


   Skills:
 + Level 4.4 Fighting
 + Level 3.8 Short Blades
 * Level 4.4 Throwing
 + Level 3.5 Dodging
 * Level 6.6 Stealth
 + Level 7.4 Spellcasting
 + Level 8.2 Hexes
 + Level 5.3 Ice Magic
 + Level 3.7 Invocations


You had 15 spell levels left.
You knew the following spells:

 Your Spells              Type           Power      Damage    Failure   Level
a - Frozen Ramparts       Ice            40%        1d7       4%          3
b - Metabolic Englaciati  Hex/Ice        12%        N/A       22%         5

Your spell library contained the following spells:

 Spells                   Type           Power      Damage    Failure   Level
 Leda's Liquefaction      Alch/Erth      2%         N/A       80%         4
 Petrify                  Alch/Erth      5%         N/A       80%         4


Dungeon Overview and Level Annotations

Branches:
Dungeon (7/15)             Temple (1/1) D:4

Altars:
Cheibriados
Dithmenos
Gozag
Hepliaklqana
Kikubaaqudgha
Makhleb
Nemelex Xobeh
Okawaru
Qazlal
Ru
Sif Muna
Uskayaw
Wu Jian
Xom
Yredelemnul

Shops:
D:4 !

Annotations:
D:7 4 runed translucent doors


Innate Abilities, Weirdness & Mutations

You are a tree.
Your roots penetrate the ground, keeping you stationary.
You cannot be teleported.
You are immune to unholy pain and torment.
Your maximum health is greatly increased.
Your equipment is partially melded.
Your facial features look somewhat orcish.
((You have large cloven feet.))
(You are mostly covered in rugged brown scales. (AC +2, +5% HP))
A meltable icy envelope protects you from harm. (AC +4)
A meltable shield of frost defends you. (SH +4)
Spells you cast may paralyse adjacent enemies.


Message History

* * * LOW HITPOINT WARNING * * *
You block the wight's attack. The wight hits you but does no damage.
The wight hits you from afar with a +4 spear!
* * * LOW HITPOINT WARNING * * *
Okay, then.
Okay, then.
It was a potion of resistance.
You feel protected.
The wight hits you but does no damage. x2; You block the wight's attack.
The wight hits you with a +0 dire flail.
* * * LOW HITPOINT WARNING * * *
You feel drained.
Okay, then.
Casting: Frozen Ramparts (dangerous; 4% risk of failure)
Confirm with . or Enter, or press ? or * to list all spells.
Okay, then.
Aiming: Smiting
Press: ? - help, Dir - move target, f - wight Smite: a wight, wielding a +0 dire flail and wearing a +0 robe (severely damaged, target of orcish vengeance)
You smite the wight!!
You destroy the wight!
Beogh accepts your kill. The wight hits you but does no damage.
You block the wight's attack. The wight hits you but does no damage.
You have reached level 10!
Your demonic ancestry asserts itself...
A menacing aura infuses your magic.
Aiming: Smiting
Press: ? - help, Dir - move target, f - wight Smite: a wight, wielding a +4 spear and wearing a +0 robe (target of orcish vengeance)
You smite the wight!!
You destroy the wight!
Beogh accepts your kill.
You feel as though your fallen companions have been avenged.
The wight hits you with a +2 long sword of freezing.
* * * LOW HITPOINT WARNING * * *
You feel drained.
A wight comes into view.
It is wielding a +0 great sword and wearing a +2 robe of positive energy.
The wight hits you with a +4 hand axe!
You die...

#. ..###.. #.# #..# #.#
#..#..###.#### #....
#..##.....##....(##.....
.......................
#.........##..........
##..._...####..†......
.##.........##...z......
...............z)#......
#..##.....##...z♣# ...#.
#. ##..#..###.#### .#..
#.##..###..##.# ...
#.....###...... ..
###....#........ .
##..............
##.....####......#
.......# ..<...##
...........


You could see 3 wights.

Vanquished Creatures
  An orc apostle (D:7)
  Joseph (D:7)
  An unseen horror (D:7)
  A water moccasin (D:7)
  A sky beast (D:7)
  A black bear (D:4)
  4 ice beasts
  4 ogres
  A phantom (D:5)
  A kobold brigand (D:7)
  3 bullfrogs
  4 scorpions
  2 wights (D:7)
  3 howler monkeys
  2 bombardier beetles
  4 hounds
  3 jellies
  4 orc priests
  A gnoll bouda (D:4)
  Terence (D:2)
  An iguana (D:6)
  3 orc wizards
  3 gnolls (D:4)
  5 adders
  A white imp (D:6)
  An ufetubus (D:7)
  5 dart slugs
  A ribbon worm (D:2)
  8 orcs
  6 endoplasms
  4 giant cockroaches
  5 hobgoblins
  3 jackals (D:2)
  2 quokkas
  8 ball pythons
  5 bats
  6 frilled lizards
  9 goblins
  12 kobolds
  3 rats
134 creatures vanquished.

Vanquished Creatures (others)
  2 orc wizards (D:6)
  An orc (D:6)
  A ball python (D:3)
4 creatures vanquished.

Grand Total: 138 creatures vanquished

Notes
Turn   | Place    | Note
-------+----------+-------------------------------------------
     0 | D:1      | CrazyBamboolord the Demonspawn Brigand began the quest for
                  | the Orb.
     0 | D:1      | Reached XP level 1. HP: 16/16 MP: 1/1
   277 | D:1      | Reached skill level 1 in Dodging
   354 | D:1      | Gained mutation: A meltable shield of frost defends you.
                  | (SH +4) [demonic ancestry]
   354 | D:1      | Reached XP level 2. HP: 22/22 MP: 2/2
  1072 | D:2      | Gained mutation: You are partially covered in rugged brown
                  | scales. (AC +1, +3% HP) [demonic ancestry]
  1072 | D:2      | Reached XP level 3. HP: 20/28 MP: 3/3
  1192 | D:2      | Identified the +3 whip of Gatoavuguv {heavy, Str+2}
  1428 | D:2      | Noticed Terence
  1443 | D:2      | Killed Terence
  1444 | D:2      | Gained mutation: You have large cloven feet. [demonic
                  | ancestry]
  1444 | D:2      | Reached XP level 4. HP: 28/35 MP: 4/4
  1895 | D:3      | HP: 1/35 [orc priest/+0 heavy mace (13)]
  1896 | D:3      | Became a worshipper of Beogh the Shepherd
  2307 | D:3      | Gained mutation: A meltable icy envelope protects you from
                  | harm. (AC +4) [demonic ancestry]
  2307 | D:3      | Reached XP level 5. HP: 30/40 MP: 5/5
  2639 | D:3      | Reached * piety under Beogh
  2753 | D:4      | Found Eplopn's Distillery.
  2756 | D:4      | Bought a potion of curing for 33 gold pieces
  2756 | D:4      | Bought a potion of heal wounds for 55 gold pieces
  2756 | D:4      | Bought 2 potions of lignification for 66 gold pieces
  2766 | D:4      | Reached skill level 5 in Stealth
  2769 | D:4      | Reached skill level 1 in Invocations
  2769 | D:4      | Gained mutation: You are mostly covered in rugged brown
                  | scales. (AC +2, +5% HP) [demonic ancestry]
  2769 | D:4      | Reached XP level 6. HP: 42/49 MP: 6/6
  2851 | D:4      | Found a staircase to the Ecumenical Temple.
  2863 | Temple   | Entered the Ecumenical Temple
  3218 | D:4      | Reached XP level 7. HP: 42/54 MP: 8/8
  3500 | D:4      | Reached skill level 7 in Hexes
  3500 | D:4      | Reached XP level 8. HP: 61/61 MP: 8/18
  3505 | D:4      | Learned a level 3 spell: Frozen Ramparts
  3595 | D:5      | Entered Level 5 of the Dungeon
  3766 | D:5      | Identified the +2 long sword of Kivefow {flame, Str+2 Int+4
                  | Dex-2}
  3887 | D:5      | Reached ** piety under Beogh
  3960 | D:5      | Found Hiutajaeff's CLEARANCE SALE!.
  3968 | D:5      | Bought a scroll of identify for 12 gold pieces
  3968 | D:5      | Bought a scroll of enchant armour for 45 gold pieces
  4218 | D:6      | Reached skill level 5 in Ice Magic
  4552 | D:6      | Found a stormy altar of Qazlal.
  4661 | D:6      | Reached XP level 9. HP: 49/68 MP: 19/19
  4677 | D:6      | Learned a level 5 spell: Metabolic Englaciation
  4830 | D:6      | Reached skill level 8 in Hexes
  5268 | D:7      | Found a snail-covered altar of Cheibriados.
  5329 | D:7      | Noticed Maggie
  5349 | D:7      | Maggie changed into Maggie the ice beast
  5349 | D:7      | Noticed Maggie
  5358 | D:7      | Killed Maggie the ice beast
  5363 | D:7      | Found an opulent altar of Gozag.
  5432 | D:7      | Found a large runed translucent door.
  5432 | D:7      | Found a large runed translucent door.
  5437 | D:7      | Noticed a cyclops
  5464 | D:7      | Noticed a troll
  5469 | D:7      | a troll changed into something unseen
  5489 | D:7      | Killed an unseen horror
  5527 | D:7      | Identified the +1 shortbow "Beol" {flame, Int+6 Dex+2}
  5550 | D:7      | Found a large runed translucent door.
  5550 | D:7      | Found a large runed translucent door.
  5619 | D:7      | Found a shadowy altar of Dithmenos.
  5648 | D:7      | Reached *** piety under Beogh
  5652 | D:7      | Noticed Joseph
  5665 | D:7      | Noticed Ognian
  5666 | D:7      | Identified a scroll of acquirement
  5683 | D:7      | Killed Joseph
  5706 | D:7      | Anointed Ognian the priest as your apostle
  5718 | D:7      | Your ally Ognian died
  5732 | D:7      | HP: 3/90 [wight/+4 spear (7)]
  5735 | D:7      | Gained mutation: Spells you cast may paralyse adjacent
                  | enemies. [demonic ancestry]
  5735 | D:7      | Reached XP level 10. HP: 3/66 MP: 17/21
  5735 | D:7      | Slain by a wight

Illustrated notes

Levels and vault maps discovered:
D:1:      evilmike_arrival_crescent, layout_basic, dreamdust_mushroom_princess
D:2:      layout_basic, grunt_ministairs_15, uniq_terence
D:3:      minmay_diamond_boxcup, layout_loops_cross
D:4:      kennysheep_six_static_rooms, layout_rooms, minmay_temple_entry_wispy,
          serial_shops, nicolae_stop_n_shop_2
D:5:      layout_rooms, nicolae_shop_clearance
D:6:      layout_loops_ring, nicolae_qazlal_eye_of_the_storm,
          minmay_fountain_box, kennysheep_nondescript, minmay_diced_spiral
D:7:      layout_layer_cave, nicolae_gozag_cash_rules_everything_around_me,
          trog_three_pillars_becter, pf_just_have_faith,
          nicolae_dithmenos_shadow_blocks, serial_shops,
          nicolae_shop_temple_entry_statues_fountains,
          minmay_hollow_rounded_squares, uniq_maggie, uniq_joseph, uniq_menkaure
Temple:   minmay_temple_curvy_branch

Skill      XL: |  1  2  3  4  5  6  7  8  9 |
---------------+----------------------------+-----
Dodging        | 1 2 3 |  3.5
Short Blades   | 2 3 |  3.8
Throwing       | 2 3 4 |  4.4
Stealth        | 4 5 6 |  6.6
Fighting       | 3 4 |  4.4
Invocations    | 1 2 3 |  3.7
Spellcasting   | 7 |  7.4
Hexes          | 7 8 |  8.2
Ice Magic      | 4 5 |  5.3

Action                     |  1- 3 |  4- 6 |  7- 9 | 10-12 || total
---------------------------+-------+-------+-------+-------++-------
  Melee: Dagger            |   111 |   156 |   276 |       ||   543
         Kick              |       |    49 |    73 |       ||   122
  Throw: Dart              |     7 |       |    19 |       ||    26
   Cast: Frozen Ramparts   |       |       |     3 |       ||     3
 Invoke: Convert to Beogh  |       |     1 |       |       ||     1
         Smiting           |       |       |     1 |     1 ||     2
         Recruit Apostle   |       |       |     1 |       ||     1
  Evoke: Wand              |       |       |     6 |       ||     6
    Use: Potion            |       |     2 |     8 |       ||    10
         Scroll            |       |     1 |    11 |       ||    12
   Stab: Sleeping          |     9 |     8 |     9 |       ||    26
         Distracted        |       |     2 |     1 |       ||     3
 Armour: Robe              |    51 |   102 |   124 |       ||   277
         Skin              |       |       |    47 |     2 ||    49
  Dodge: Dodged            |    62 |    77 |    87 |       ||   226
  Block: Other             |     9 |    22 |    85 |       ||   116
         Reflection        |       |       |     1 |       ||     1

Table legend: (Time is in decaauts)
 A = Elapsed time spent in this place.
 B = Non-inter-level travel time spent in this place.
 C = Inter-level travel time spent in this place.
 D = Time resting spent in this place.
 E = Time spent auto-exploring this place.
 F = Levels seen in this place.
 G = Mean time per level.
                   A        B        C        D        E       F      G
               +--------+--------+--------+--------+--------+-----+--------+
         Total |   5644 |   5456 |    188 |    532 |   3666 |   8 |  705.5 |
       Dungeon |   5642 |   5454 |    188 |    532 |   3666 |   7 |  806.0 |
        Temple |      1 |      1 |      0 |      0 |      0 |   1 |    1.0 |
               +--------+--------+--------+--------+--------+-----+--------+

Top non-repeatable levels by time:
     D:2: 1218 daAuts
     D:6: 1015 daAuts
     D:3: 885 daAuts
     D:4: 829 daAuts
     D:1: 624 daAuts
     D:5: 559 daAuts
     D:7: 509 daAuts
  Temple: 1 daAuts
